 Dungeon Crawl Stone Soup version 0.17.1-3-g152610e (webtiles) character file.

616 Jerry the Chopper (level 7, -2/56 HPs)
             Began as a Hill Orc Skald on Mar 12, 2016.
             Slain by Pikel
             ... wielding a +2 whip of freezing
              (4 damage)
             ... on level 4 of the Dungeon.
             The game lasted 00:14:56 (6281 turns).

Jerry the Chopper (Hill Orc Skald)                  Turns: 6281, Time: 00:14:56

Health: -2/56      AC:  9    Str: 16    XL:     7   Next: 45%
Magic:  9/9        EV: 15    Int: 13    God:
Gold:   208        SH:  0    Dex: 10    Spells: 1 memorised, 8 levels left

rFire  . . .     SeeInvis .     n - +0 battleaxe
rCold  . . .     Clarity  .     p - +0 ring mail
rNeg   . . .     SustAt   .     (shield currently unavailable)
rPois  .         Gourm    .     (no helmet)
rElec  .         Spirit   .     (no cloak)
rCorr  .         Warding  .     h - +2 pair of gloves
rMut   .         Stasis   .     (no boots)
MR     .....                    (no amulet)
Stlth  +.........               j - ring of stealth
                                m - +3 ring of evasion

@: not resistant to hostile enchantments, very unstealthy
A: no striking features
a: no special abilities


You were on level 4 of the Dungeon.
You were hungry.

You visited 1 branch of the dungeon, and saw 4 of its levels.

You collected 208 gold pieces.

Inventory:

Hand Weapons
 a - a +0 hand axe
 n - a +0 battleaxe (weapon)
Armour
 h - a +2 pair of gloves (worn)
 p - a +0 ring mail (worn)
Jewellery
 j - a ring of stealth (right hand)
 m - a +3 ring of evasion (left hand)
Scrolls
 b - a scroll of blinking {unknown}
 f - 3 scrolls of remove curse
 g - 2 scrolls of identify
Potions
 e - a potion of cancellation {unknown}
 l - a potion of poison {unknown}
 q - 2 potions of heal wounds {unknown}
 s - a potion of invisibility {unknown}
 t - a potion of agility {unknown}
 u - a potion of degeneration {unknown}
 v - a potion of curing
 w - a potion of lignification {unknown}
 x - a potion of flight {unknown}
 B - a potion of cure mutation {unknown}
Books
 c - a book of Battle

   Spells                             Type                      Level
   a - Infusion                       Charms                       1
   b - Shroud of Golubria             Charms/Translocation         2
   c - Song of Slaying                Charms                       2
   d - Spectral Weapon                Hexes/Charms                 3
   e - Regeneration                   Charms/Necromancy            3
 k - a book of Minor Magic

   Spells                             Type                      Level
   a - Magic Dart                     Conjuration                  1
   b - Blink                          Translocation                2
   c - Call Imp                       Summoning                    2
   d - Repel Missiles                 Charms/Air                   2
   e - Slow                           Hexes                        2
   f - Conjure Flame                  Conjuration/Fire             3
   g - Mephitic Cloud                 Conjuration/Poison/Air       3
 o - a book of Necromancy

   Spells                             Type                      Level
   a - Pain                           Necromancy                   1
   b - Animate Skeleton               Necromancy                   1
   c - Vampiric Draining              Necromancy                   3
   d - Regeneration                   Charms/Necromancy            3
   e - Animate Dead                   Necromancy                   4
   f - Control Undead                 Necromancy                   4
Comestibles
 d - 4 bread rations
 i - 2 meat rations
 r - a beef jerky
 z - 3 fruits
 A - a slice of pizza


   Skills:
 - Level 2.4 Fighting
 + Level 6.0 Axes
 + Level 5.2 Armour
 + Level 3.7 Dodging
 - Level 1.5 Spellcasting
 - Level 2.6 Charms


You had 8 spell levels left.
You knew the following spells:

 Your Spells              Type           Power        Failure   Level  Hunger
a - Infusion              Chrm           #.....       17%         1    ##.....


Dungeon Overview and Level Annotations

Branches:
Dungeon (4/15)
 Temple: D:4-7

Altars:
Dithmenos
Xom

Annotations:
D:4 Pikel


Message History

You closely miss Pikel.
Pikel is heavily wounded.
Pikel cracks his whip.
Pikel barely misses you.
Unknown command.
You slash Pikel!
Pikel is almost dead.
Pikel barely misses you.
Unknown command.
You closely miss Pikel.
Pikel is almost dead.
Pikel misses you. Pikel barely misses you.
You barely miss Pikel.
Pikel is severely wounded.
Pikel barely misses you.
Unknown command.
You hit Pikel but do no damage.
Pikel is severely wounded.
Pikel hits you with a whip of freezing.
You die...

≈.≈# #≈. #≈.≈# #≈.....#######
#≈.≈###≈.≈###≈.≈###≈.##.....#
≈≈.≈≈≈≈≈.≈≈≈≈≈.≈≈≈≈≈.####...#
................p....# #...#
#.........#.#.#####..# #...#
######## #.......##p## #...#
# ...........##.# #...# #
....K##..#K##.#####...##### #
...p.##..#@#........))..... #
.........[[[........)...... #
........................... #
....#####...#######...##### #
##.## ###...### #.# #.......#
#.# #.......# #.# #.......#
.. #.......#


You could see Pikel.

Vanquished Creatures
  3 slaves (D:4)
  An ogre (D:4)
  Blork the orc (D:4)
  A scorpion (D:4)
  3 orc wizards (D:4)
  2 hounds (D:4)
  A giant frog skeleton (D:4)
  A centaur skeleton (D:4)
  An iguana (D:4)
  A worker ant (D:4)
  7 adders
  An ooze (D:2)
  A worm (D:2)
  3 giant geckos
  4 orcs
  6 giant cockroaches
  6 hobgoblins
  A quokka (D:4)
  4 bats
  5 giant newts
  8 goblins
  4 jackals (D:4)
  A jackal skeleton (D:4)
  14 kobolds
  6 rats
86 creatures vanquished.

Notes
Turn   | Place    | Note
--------------------------------------------------------------
     0 | D:1      | Jerry the Hill Orc Skald began the quest for the Orb.
     0 | D:1      | Reached XP level 1. HP: 18/18 MP: 3/3
   131 | D:1      | Reached skill level 1 in Dodging
   789 | D:1      | Reached XP level 2. HP: 25/25 MP: 4/4
   809 | D:1      | Reached skill level 3 in Axes
  1478 | D:1      | Reached XP level 3. HP: 26/30 MP: 5/5
  1531 | D:1      | Found a shimmering altar of Xom.
  2405 | D:2      | Reached XP level 4. HP: 9/37 MP: 6/6
  2939 | D:2      | Found a shadowy altar of Dithmenos.
  3512 | D:3      | Reached skill level 4 in Axes
  3524 | D:3      | Reached XP level 5. HP: 23/42 MP: 7/7
  4224 | D:4      | Noticed an ogre
  4944 | D:4      | HP: 2/42 [poisoned by a scorpion]
  4951 | D:4      | HP: 2/42 [scorpion (5)]
  4956 | D:4      | Reached XP level 6. HP: 7/50 MP: 8/8
  5583 | D:4      | Reached skill level 5 in Axes
  5598 | D:4      | Noticed Blork the orc
  5637 | D:4      | Killed Blork the orc
  5698 | D:4      | Reached XP level 7. HP: 42/56 MP: 9/9
  5710 | D:4      | Killed an ogre
  5710 | D:4      | Reached skill level 5 in Armour
  6084 | D:4      | Reached skill level 6 in Axes
  6244 | D:4      | Noticed a slave
  6245 | D:4      | Noticed Pikel
  6245 | D:4      | Noticed a slave
  6245 | D:4      | Noticed a slave
  6245 | D:4      | Noticed a slave
  6271 | D:4      | Killed a slave
  6273 | D:4      | Killed a slave
  6275 | D:4      | HP: 1/56 [Pikel/whip of freezing (3)]
  6276 | D:4      | Killed a slave
  6281 | D:4      | Slain by Pikel

Action                   |  1- 3 |  4- 6 |  7- 9 || total
-------------------------+-------+-------+-------++-------
Melee: Hand axe          |   164 |   282 |       ||   446
       Battleaxe         |       |     7 |    63 ||    70
  Use: Scroll            |     2 |     2 |       ||     4
       Potion            |       |     3 |       ||     3
 Stab: Sleeping          |     1 |     6 |       ||     7
  Eat: Chunk             |     4 |     9 |     2 ||    15
       Fruit             |       |     2 |       ||     2
